 Dungeon Crawl Stone Soup version 0.26-a0-597-gb535b0901c (webtiles) character file.

Game seed: 15468843736872341618

513 Flugslaktarn the Skirmisher (level 7, -6/63 HPs)
             Began as a Minotaur Fighter on Sept 13, 2020.
             Killed from afar by an orc wizard (7 damage)
             ... with a magic dart
             ... on level 4 of the Dungeon.
             The game lasted 00:01:08 (1739 turns).

Flugslaktarn the Skirmisher (Minotaur Fighter)      Turns: 1739, Time: 00:01:09

Health: -6/63      AC:  7    Str: 21    XL:     7   Next: 0%
Magic:  6/6        EV:  7    Int:  6    God:
Gold:   88         SH: 10    Dex: 10    Spells: 6/6 levels left

rFire    . . .     SeeInvis .   a - +0 war axe
rCold    . . .     Faith    .   c - +0 kite shield
rNeg     . . .     Spirit   .   b - +0 scale mail
rPois    .         Reflect  .   (helmet restricted)
rElec    .         Harm     .   (no cloak)
rCorr    .                      (no gloves)
MR       .....                  (no boots)
Stlth    ..........             (no amulet)
HPRegen  0.20/turn              (no ring)
MPRegen  0.10/turn              (no ring)

@: no status effects
A: retaliatory headbutt, horns 2
a: no special abilities


You were on level 4 of the Dungeon.
You visited 1 branch of the dungeon, and saw 4 of its levels.

You collected 88 gold pieces.

Inventory:

Hand Weapons
 a - a +0 war axe (weapon)
Armour
 b - a +0 scale mail (worn)
 c - a +0 kite shield (worn)
Scrolls
 e - a scroll of noise {unknown}
 f - a scroll of identify {unknown}
 g - a scroll of immolation {unknown}
 i - a scroll of fog {unknown}
 j - a scroll of magic mapping {unknown}
Potions
 d - a potion of magic {unknown}


   Skills:
 * Level 6.3 Fighting
 * Level 5.6 Axes
 + Level 5.0 Armour
 + Level 5.0 Shields


You had 6 spell levels left.
You didn't know any spells.
Your spell library was empty.

Dungeon Overview and Level Annotations

Branches:
Dungeon (4/15)
 Temple: D:4-7

Altars:


Innate Abilities, Weirdness & Mutations

You reflexively headbutt those who attack you in melee.
You have a pair of horns on your head.


Message History

The orc wizard is lightly wounded.
The orc wizard mumbles some strange words.
The orc wizard flickers and vanishes!
Deactivating autopickup; reactivate with Ctrl-A.
You bump into the rock wall.
Something hits you.
* * * LOW HITPOINT WARNING * * *
Something hits you but does no damage. Something hits you but does no damage.
You feel less confused. Something hits you but does no damage.
You miss something. You headbutt something. Something hits you.
* * * LOW HITPOINT WARNING * * *
You closely miss something. Something hits you.
* * * LOW HITPOINT WARNING * * *
You closely miss something. Something hits you!
* * * LOW HITPOINT WARNING * * *
You hear some strange, mumbled words.
A magic dart appears from out of thin air!
The magic dart hits you!
You die...

...#>#. .....#. #
##### #. ....# ...
#.. ##...####...
#... ..........#
#....###...##....#
#....)...........#
####.#{@........#
.. #...†......# ##
.#..........#
#.............#####
#.##...............
# #...............
#######......###.
..#..........###
..#.####...###


There were no monsters in sight!

Vanquished Creatures
  Duvessa (D:4)
  Blork the orc (D:4)
  Dowan (D:4)
  A howler monkey (D:4)
  3 orc priests (D:4)
  3 worker ants (D:4)
  3 adders
  An adder skeleton (D:3)
  4 worms (D:2)
  A dart slug (D:3)
  A leopard gecko (D:1)
  3 orcs (D:4)
  3 giant cockroaches
  3 goblins
  2 hobgoblins (D:3)
  4 jackals (D:2)
  2 quokkas
  A ball python (D:3)
  6 bats
  A frilled lizard (D:2)
  3 kobolds
  A leopard gecko skeleton (D:4)
  A quokka skeleton (D:2)
  5 rats
55 creatures vanquished.

Notes
Turn   | Place    | Note
-------+----------+-------------------------------------------
     0 | D:1      | Flugslaktarn the Minotaur Fighter began the quest for the
                  | Orb.
     0 | D:1      | Reached XP level 1. HP: 19/19 MP: 0/0
    37 | D:2      | Reached skill level 4 in Fighting
    37 | D:2      | Reached XP level 2. HP: 19/27 MP: 1/1
   204 | D:2      | Reached XP level 3. HP: 18/33 MP: 2/2
   671 | D:3      | Reached XP level 4. HP: 41/41 MP: 3/3
   712 | D:4      | Noticed an ogre
   713 | D:4      | Noticed Dowan
   720 | D:4      | Noticed Duvessa
  1107 | D:4      | Noticed Blork the orc
  1119 | D:4      | Killed Blork the orc
  1119 | D:4      | Reached skill level 5 in Fighting
  1119 | D:4      | Reached XP level 5. HP: 29/48 MP: 4/4
  1336 | D:4      | Reached XP level 6. HP: 19/56 MP: 5/5
  1339 | D:4      | HP: 1/56 [Dowan/puff of frost (12)]
  1649 | D:4      | Killed Duvessa
  1649 | D:4      | Reached skill level 5 in Axes
  1660 | D:4      | Killed Dowan
  1660 | D:4      | Reached skill level 6 in Fighting
  1702 | D:4      | Reached skill level 5 in Shields
  1727 | D:4      | Reached skill level 5 in Armour
  1729 | D:4      | Reached XP level 7. HP: 28/63 MP: 6/6
  1739 | D:4      | HP: 1/63 [something (7)]
  1739 | D:4      | Killed from afar by an orc wizard

Illustrated notes

Levels and vault maps discovered:
D:1:      psy_arrival_spokes, layout_basic
D:2:      layout_loops_ring
D:3:      layout_loops_ring, chequers_temple_overflow_minitemple,
          chequers_ecumenical_altar_grove, kennysheep_big_empty_room,
          grunt_ministairs_13, uniq_terence
D:4:      layout_basic, minmay_unequal, uniq_blork_the_orc, uniq_duvessa

Skill      XL: |  1  2  3  4  5  6 |
---------------+-------------------+-----
Fighting       | 4 5 6 |  6.3
Axes           | 3 4 5 |  5.6
Shields        | 4 5 |  5.0
Armour         | 4 5 |  5.0

Action                   |  1- 3 |  4- 6 |  7- 9 || total
-------------------------+-------+-------+-------++-------
Melee: War axe           |    77 |    68 |     6 ||   151
       Headbutt          |    17 |    11 |     1 ||    29
  Use: Potion            |       |     3 |       ||     3
Armor: Scale mail        |    27 |    23 |     4 ||    54
Dodge: Dodged            |    22 |    23 |       ||    45
Block: Kite shield       |    39 |    45 |     1 ||    85

Table legend: (Time is in decaauts)
 A = Elapsed time spent in this place.
 B = Non-inter-level travel time spent in this place.
 C = Inter-level travel time spent in this place.
 D = Time resting spent in this place.
 E = Time spent auto-exploring this place.
 F = Levels seen in this place.
 G = Mean time per level.
                   A        B        C        D        E       F      G
               +--------+--------+--------+--------+--------+-----+--------+
         Total |   1784 |   1737 |     47 |    584 |    770 |   4 |  446.0 |
       Dungeon |   1784 |   1737 |     47 |    584 |    770 |   4 |  446.0 |
               +--------+--------+--------+--------+--------+-----+--------+

Top non-repeatable levels by time:
     D:3: 724 daAuts
     D:2: 617 daAuts
     D:4: 414 daAuts
     D:1: 27 daAuts
